 Dungeon Crawl Stone Soup version 0.31-a0-819-gf6de2f5ab6 (webtiles) character file.

Game seed: 4581205792017701388

30 Kurtz the Chopper (level 3, -5/26 HPs)
             Began as an Octopode Fighter on Sept 25, 2023.
             Slain by a worm (10 damage)
             ... on level 2 of the Dungeon.
             The game lasted 00:00:39 (1011 turns).

Kurtz the Chopper (Octopode Fighter)                Turns: 1011, Time: 00:00:39

Health: -5/26      AC:  1    Str: 15    XL:     3   Next: 18%
Magic:  3/3        EV: 13    Int: 10    God:
Gold:   90         SH:  4    Dex: 13    Spells: 2/2 levels left

rFire   . . .        a - +0 war axe
rCold   . . .        b - +0 buckler
rNeg    . . .        (helmet restricted)
rPois   .            f - amulet of faith
rElec   .            (no ring)
rCorr   .            (no ring)
SInv    .            (no ring)
Will    .....        (no ring)
Stlth   ++           (no ring)
HPRegen 0.24/turn    (no ring)
MPRegen 0.08/turn    (no ring)
                     (no ring)

%: faith
@: no status effects
A: almost no armour, amphibious, 8 rings, camouflage 1, gelatinous body 1,
(nimble swimmer 1), tentacles
a: no special abilities


You were on level 2 of the Dungeon.
You visited 1 branch of the dungeon, and saw 2 of its levels.

You collected 90 gold pieces.

Inventory:

Hand Weapons
 a - a +0 war axe (weapon)
Armour
 b - a +0 buckler (worn)
Jewellery
 f - an amulet of faith (around mantle)
Scrolls
 d - a scroll of revelation {unknown}
 e - a scroll of immolation {unknown}
 g - 2 scrolls of enchant weapon {unknown}
 h - a scroll of teleportation {unknown}
 i - a scroll of poison {unknown}
Potions
 c - a potion of might
 j - a potion of berserk rage {unknown}
 k - 2 potions of curing {unknown}
 l - a potion of cancellation {unknown}
 m - a potion of enlightenment {unknown}


   Skills:
 - Level 3.0 Fighting
 * Level 3.5 Axes
 - Level 3.0 Dodging
 - Level 3.0 Shields


You had 2 spell levels left.
You didn't know any spells.
Your spell library contained the following spells:

 Spells                   Type           Power      Damage    Failure   Level
 Necrotise                Necr           0%         1d4       45%         1
 Blink                    Tloc           0%         N/A       58%         2
 Cigotuvi's Dreadful Rot  Necr/Pois/Air  0%         N/A       58%         2
 Lesser Beckoning         Tloc           0%         N/A       58%         2
 Momentum Strike          Conj/Tloc      0%         3d8       58%         2
 Vampiric Draining        Necr           0%         2d6       83%         3
 Dispel Undead            Necr           0%         3d6       99%         4
 Agony                    Necr           0%         N/A       100%        5
 Death Channel            Necr           0%         N/A       100%        6


Dungeon Overview and Level Annotations

Branches:
Dungeon (2/15)

Altars:


Innate Abilities, Weirdness & Mutations

You cannot wear most types of armour.
You are amphibious.
You can wear up to eight rings at the same time.
Your skin changes colour to match your surroundings (Stealth+).
Your rubbery body absorbs attacks. (AC +1, EV +1)
((You are camouflaged when in or above water. (Stealth+)))
You have tentacles for arms and can constrict up to eight enemies at once.


Message History

A goblin is nearby!
You slash the goblin!
You kill the goblin!
Key pressed, stopping explore.
No target in view!
Unknown command.
Key pressed, stopping explore.
No target in view!
No target in view!
Unknown command.
There is a stone staircase leading down here.
A worm comes into view.
A worm is nearby!
Unknown command.
A worm is nearby!
A worm is nearby!
A worm is nearby!
The worm bites you!
Unknown command.
You barely miss the worm. You grab the worm. You squeeze the worm.
The worm is lightly wounded.
You constrict the worm. The worm bites you!
* * * LOW HITPOINT WARNING * * *
A worm is nearby!
You are too injured to fight recklessly!
Unknown command.
A worm is nearby!
You are too injured to fight recklessly!
A worm is nearby!
You are too injured to fight recklessly!
A worm is nearby!
You are too injured to fight recklessly!
Unknown command.
You release your grip on the worm.
The worm bites you.
* * * LOW HITPOINT WARNING * * *
You hit the worm. You grab the worm.
The worm is moderately wounded.
You constrict the worm. The worm bites you!
You die...

.#.....#..#..#.....#.#
........#####........#
.#.....#..#..#.....#.#
..#...#...#...#...#..#
...###...#.#...###...#
..#..#..#...#..#..#...#
.#...###.....###...#.##
....#..#.....#..#....#
...#...#.....#..@#...#
......#.#...#.#.w....#
..)..#...#.#...#.....#
†....................#
####.###.##########..#
###.#.##.......# ...#
...###.#.#####.# ###
..#.#.##.#####
.###.........#


You could see a worm.

Vanquished Creatures
  A worm (D:2)
  4 ball pythons
  5 goblins
  7 jackals (D:1)
  3 bats (D:1)
  2 frilled lizards (D:1)
  2 kobolds
  4 rats
28 creatures vanquished.

Notes
Turn   | Place    | Note
-------+----------+-------------------------------------------
     0 | D:1      | Kurtz the Octopode Fighter began the quest for the Orb.
     0 | D:1      | Reached XP level 1. HP: 16/16 MP: 1/1
   195 | D:1      | Reached XP level 2. HP: 20/21 MP: 2/2
   639 | D:1      | Reached XP level 3. HP: 24/26 MP: 3/3
  1011 | D:2      | Slain by a worm

Illustrated notes

Levels and vault maps discovered:
D:1:      orjb1_clovarrival, layout_basic, minmay_heptomino_l4
D:2:      layout_loops_corners, minmay_gold_behind_fungi,
          minmay_splitting_lines, uniq_crazy_yiuf_cottage

Skill      XL: |  1  2 |
---------------+-------+-----
Axes           | 3 |  3.5
Fighting       | |  3.0
Dodging        | |  3.0
Shields        | |  3.0

Action                     || total
---------------------------++-------
  Melee: War axe           ||    47
         Constrict         ||    14
         Tentacles         ||     7
   Stab: Sleeping          ||     5
 Armour: Skin              ||    22
  Dodge: Dodged            ||    29
  Block: Buckler           ||     8

Table legend: (Time is in decaauts)
 A = Elapsed time spent in this place.
 B = Non-inter-level travel time spent in this place.
 C = Inter-level travel time spent in this place.
 D = Time resting spent in this place.
 E = Time spent auto-exploring this place.
 F = Levels seen in this place.
 G = Mean time per level.
                   A        B        C        D        E       F      G
               +--------+--------+--------+--------+--------+-----+--------+
         Total |   1029 |   1011 |     18 |      0 |    835 |   2 |  514.5 |
       Dungeon |   1029 |   1011 |     18 |      0 |    835 |   2 |  514.5 |
               +--------+--------+--------+--------+--------+-----+--------+

Top non-repeatable levels by time:
     D:1: 758 daAuts
     D:2: 270 daAuts
